 Dungeon Crawl Stone Soup version 0.13.1-27-ga479965 (webtiles) character file.

385 Chiseanne the Magician (level 5, -2/32 HPs)
             Began as a High Elf Wanderer on Feb 18, 2014.
             Slain by a gnoll
             ... wielding a +1,+1 whip of electrocution
              (3 damage)
             ... on Level 3 of the Dungeon.
             The game lasted 00:09:26 (2898 turns).

Chiseanne the Magician (High Elf Wanderer)          Turns: 2898, Time: 00:09:26

HP  -2/32        AC  7     Str 12      XL: 5   Next: 21%
MP  12/17        EV 10     Int 19      God:
Gold 220         SH  0     Dex 11      Spells:  4 memorised,  5 levels left

Res.Fire  : . . .   See Invis. : .   n - +0 quarterstaff (crush)
Res.Cold  : . . .   Warding    : .   s - +1 leather armour
Life Prot.: . . .   Conserve   : .   (no shield)
Res.Poison: .       Res.Corr.  : +   (no helmet)
Res.Elec. : .       Clarity    : .   (no cloak)
Sust.Abil.: . .     Spirit.Shd : .   (no gloves)
Res.Mut.  : .       Stasis     : .   (no boots)
Res.Rott. : .       Flight     : .   p - amulet of resist corrosion
Saprovore : . . .                    u - ring of teleport control
                                     g - +3 ring of protection

@: very slightly contaminated, slightly resistant to hostile enchantments,
unstealthy
A: no striking features
a: Evoke Teleport Control


You were on level 3 of the Dungeon.
You were not hungry.

You visited 1 branch of the dungeon, and saw 3 of its levels.

You collected 170 gold pieces.

Inventory:

Hand weapons
 n - a +0,+0 quarterstaff of crushing (weapon)
Armour
 s - a +1 leather armour (worn)
Comestibles
 c - 2 meat rations
 f - 2 bread rations
Scrolls
 i - a scroll of remove curse
 k - a scroll of identify
 t - 3 scrolls of recharging {unknown}
Jewellery
 g - a +3 ring of protection (left hand)
 o - an uncursed amulet of resist mutation
 p - an amulet of resist corrosion (around neck)
 u - a ring of teleport control (right hand)
Potions
 b - a potion of confusion {unknown}
 d - 2 potions of curing
 e - a potion of restore abilities {unknown}
 j - a potion of invisibility {unknown}
 l - a potion of cure mutation {unknown}
 m - a potion of magic {unknown}
 q - a potion of paralysis {unknown}
Books
 a - a book of Conjurations

   Spells                             Type                      Level
   *Magic Dart                        Conjuration                  1
   Searing Ray                        Conjuration                  2
   Dazzling Spray                     Conjuration/Hexes            3
   *Iskenderun's Mystic Blast         Conjuration                  4
   *Iskenderun's Battlesphere         Conjuration/Charms           4
   Fulminant Prism                    Conjuration/Hexes            5


   Skills:
 - Level 2.1 Stealth
 * Level 5.7 Spellcasting
 * Level 4.0 Conjurations
   Level 2.0 Hexes
   Level 1.1 Transmutations


You had 5 spell levels left.
You knew the following spells:

 Your Spells              Type           Power        Failure   Level  Hunger
a - Sting                 Conj/Pois      ##..         8%          1    None
b - Magic Dart            Conj           ###.         2%          1    None
c - Iskenderun's Mystic   Conj           ###.....     28%         4    ####...
d - Iskenderun's Battles  Conj/Chrm      ##......     63%         4    ####...


Dungeon Overview and Level Annotations

Branches:
Dungeon (3/27)

Altars:


Message History

Aim: a gnoll, wielding a runed whip (moderately wounded, poisoned)
The sting hits the gnoll.
The gnoll is moderately wounded.
The gnoll hits you with a runed whip.
You hit the gnoll but do no damage.
The gnoll is moderately wounded.
The gnoll closely misses you. The gnoll hits you with a runed whip.
You closely miss the gnoll.
The gnoll is moderately wounded.
The gnoll hits you but does no damage.
You hit the gnoll.
The gnoll is severely wounded.
The gnoll hits you but does no damage.
You are electrocuted!
Ouch! That really hurt!
* * * LOW HITPOINT WARNING * * *
You closely miss the gnoll.
The gnoll is severely wounded.
The gnoll looks more healthy.
The gnoll hits you with a whip of electrocution.
You die...

..##.......... ..# #( ###
..#######.#### #?# ..## #.. #.#
# ...#######.# #.# . .......#
#.# ###.# # ...###.###.###...#
## ..#......#.##....# #.
##..#..#.#.##..#.# #.
##.#..#.#.##..#@# #.
#.#..#.#.##..#g# ##.
#........##..#.# ####g.
#......#.......# #.g...
#.##...#.##..#.# #.##..
#......#.##..#.###########.##..
..###........#.........g...##..
. ...#.###.#.##############..
##..#.# #.#.# #..


You could see a gnoll.

Vanquished Creatures
  A giant frog (D:3)
  4 adders (D:3)
  2 giant geckos
  An ooze (D:3)
  An orc (D:3)
  3 ball pythons (D:3)
  7 bats
  9 giant cockroaches
  8 hobgoblins
  2 jackals (D:1)
  7 kobolds
  A quokka (D:2)
  2 giant newts
  5 goblins
  3 rats
56 creatures vanquished.

Notes
Turn   | Place    | Note
--------------------------------------------------------------
     0 | D:1      | Chiseanne, the High Elf Wanderer, began the quest for the Orb.
     0 | D:1      | Reached XP level 1. HP: 12/12 MP: 4/4
     3 | D:1      | Learned a level 1 spell: Magic Dart
   134 | D:1      | Reached skill level 4 in Spellcasting
   413 | D:1      | Reached XP level 2. HP: 18/18 MP: 5/7
  1303 | D:2      | Reached XP level 3. HP: 22/22 MP: 4/10
  2221 | D:3      | Reached skill level 5 in Spellcasting
  2245 | D:3      | Reached XP level 4. HP: 18/27 MP: 7/14
  2483 | D:3      | Learned a level 4 spell: Iskenderun's Mystic Blast
  2757 | D:3      | Learned a level 4 spell: Iskenderun's Battlesphere
  2862 | D:3      | Noticed a giant frog
  2884 | D:3      | Killed a giant frog
  2884 | D:3      | Reached XP level 5. HP: 27/32 MP: 13/17
  2897 | D:3      | HP: 1/32 [gnoll/runed whip (22)]
  2898 | D:3      | Slain by a gnoll

Action                   |  1- 3 |  4- 6 || total
-------------------------+-------+-------++-------
Melee: Club              |     5 |       ||     5
       Hand axe          |    16 |     8 ||    24
       Quarterstaff      |       |     4 ||     4
 Cast: Sting             |    94 |    45 ||   139
       Magic Dart        |     5 |     5 ||    10
Evoke: Wand              |     1 |       ||     1
  Use: Scroll            |     9 |     4 ||    13
